 Dungeon Crawl Stone Soup version 0.22-a0-880-gb7b0c8b (webtiles) character file.

44 Kuinu the Firebug (level 3, -2/26 HPs)
             Began as a Draconian Fire Elementalist on July 30, 2018.
             Slain by a worm (4 damage)
             ... on level 2 of the Dungeon.
             The game lasted 00:03:43 (1389 turns).

Kuinu the Firebug (Draconian Fire Elementalist)     Turns: 1389, Time: 00:03:44

Health: -2/26      AC:  5    Str: 10    XL:     3   Next: 39%
Magic:  0/6        EV: 17    Int: 16    God:
Gold:   33         SH:  0    Dex: 16    Spells: 3/6 levels left

rFire    . . .     SeeInvis .   a - +0 dagger
rCold    . . .     Gourm    .   (no shield)
rNeg     . . .     Faith    .   (armour unavailable)
rPois    .         Spirit   .   (helmet restricted)
rElec    .         Reflect  .   (no cloak)
rCorr    .         Harm     .   (no gloves)
MR       .....                  (no boots)
Stlth    +++.......             (no amulet)
HPRegen  0.08/turn              (no ring)
MPRegen  0.10/turn              (no ring)

@: agile, very slightly contaminated
A: unfitting armour, cold-blooded, AC +5
a: no special abilities


You were on level 2 of the Dungeon.
You were not hungry.

You visited 1 branch of the dungeon, and saw 2 of its levels.

You collected 33 gold pieces.

Inventory:

Hand Weapons
 a - a +0 dagger (weapon)
Scrolls
 c - a scroll of blinking {unknown}
 d - 3 scrolls of identify {unknown}
 e - a scroll of remove curse {unknown}
Comestibles
 b - 2 rations
 f - 3 chunks of flesh


   Skills:
 - Level 1.7 Dodging
 + Level 2.1 Stealth
 * Level 2.4 Spellcasting
 * Level 1.9 Conjurations
 * Level 3.5 Fire Magic


You had 3 spell levels left.
You knew the following spells:

 Your Spells              Type           Power        Failure   Level  Hunger
a - Flame Tongue          Conj/Fire      ##...        6%          1    #......
b - Throw Flame           Conj/Fire      ##....       10%         2    ###....

Your spell library contained the following spells:

 Spells                   Type           Power        Failure   Level  Hunger
 Fireball                 Conj/Fire      ##........   87%         5    ######.
 Conjure Flame            Conj/Fire      ##......     19%         3    ###....
 Sticky Flame             Conj/Fire      ##......     54%         4    #####..
 Inner Flame              Hex/Fire       #.......     28%         3    ###....


Dungeon Overview and Level Annotations

Branches:
Dungeon (1/15)

Altars:


Innate Abilities, Weirdness & Mutations

Your plain brown scales are hard. (AC +5)
You cannot fit into any form of body armour.
You are cold-blooded and may be slowed by cold attacks.


Message History

The jackal barks!
You hit the worm.
The worm is moderately wounded.
The worm bites you.
* * * LOW HITPOINT WARNING * * *
Casting: Flame Tongue (safe; 6% risk of failure)
Confirm with . or Enter, or press ? or * to list all spells.
Aiming: Flame Tongue (safe; 6% risk of failure)
Press: ? - help, Shift-Dir - straight line, f - worm
Aim: a worm (lightly wounded)
The flame tongue hits the worm.
The worm is moderately wounded.
You hit the worm.
The worm is heavily wounded.
The worm bites you but does no damage.
You hit the worm.
The worm is heavily wounded.
You feel less wooden. The worm bites you.
You die...

.....#.....).#.#
.....##.######.#
...).#.........#
.....#..########
.....#w.# .....#hh#
.....#..#
.....#(.###########
#........hw@.#
#.##########.# #.
.# ## .# .# .# .#
.#


You could see a worm and a jackal.

Vanquished Creatures
  A dart slug (D:1)
  3 giant cockroaches (D:1)
  6 hobgoblins
  9 jackals
  4 kobolds (D:1)
  4 bats
  2 frilled lizards (D:1)
  2 goblins
  5 rats (D:1)
36 creatures vanquished.

Notes
Turn   | Place    | Note
-------+----------+-------------------------------------------
     0 | D:1      | Kuinu the Draconian Fire Elementalist began the quest for the Orb.
     0 | D:1      | Reached XP level 1. HP: 14/14 MP: 3/3
    88 | D:1      | Reached XP level 2. HP: 12/20 MP: 0/5
    95 | D:1      | Learned a level 2 spell: Throw Flame
   975 | D:1      | Reached XP level 3. HP: 21/26 MP: 6/6
  1300 | D:1      | You fall through a shaft!
  1389 | D:2      | Slain by a worm

Vault maps used:
D:1:      enne_arrival_octagon_isle
D:2:      chequers_ecumenical_altar_grove, uniq_robin, uniq_sigmund

Skill      XL: |  1  2 |
---------------+-------+-----
Stealth        | 2 |  2.1
Dodging        | |  1.7
Spellcasting   | |  2.4
Conjurations   | |  1.9
Fire Magic     | |  3.5

Action                   || total
-------------------------++-------
Melee: Dagger            ||   107
       Tailslap          ||     9
 Cast: Flame Tongue      ||    44
  Use: Potion            ||     3
 Stab: Sleeping          ||     1
  Eat: Chunk             ||     2
Armor: Skin              ||    59
Dodge: Dodged            ||    70

Table legend:
 A = Spawn XP
 B = Non-spawn XP
 C = Spawn XP percentage of total XP
 D = Spawn monster count
 E = Non-spawn monster count
 F = Spawn count percentage of total count
 G = Total turns spent on level
                    A         B        C        D         E        F      G
               +---------+---------+-------+---------+---------+-------+---------
         Total |       0 |      63 |   0.0 |       0 |      36 |   0.0 |  1389
               +---------+---------+-------+---------+---------+-------+---------
           D:1 |       0 |      51 |   0.0 |       0 |      29 |   0.0 |  1300
           D:2 |       0 |      12 |   0.0 |       0 |       7 |   0.0 |    89
               +---------+---------+-------+---------+---------+-------+---------
